 Dungeon Crawl Stone Soup version bcrawl-1.27.6 (webtiles) character file.

Game seed: 6246105657842357624

85390 DogServant the Grave Robber (level 3, -1/26 HPs)
             Began as a Sand Dwarf Necromancer on Oct 5, 2020.
             Slain by Terence
             ... wielding a +1 falchion of holy wrath
              (4 damage)
             ... on level 2 of the Dungeon.
             The game lasted 00:04:29 (2069 turns).

DogServant the Grave Robber (SDNe)                  Turns: 2069, Time: 00:04:29

Health: -1/26      AC:  2    Str: 11 (13) XL:     3   Next: 56%
Magic:  2/6        EV: 14    Int: 13 (15) God:
Gold:   92         SH:  0    Dex: 10 (11) Spells: 1/6 levels left

rFire    . . .     SeeInvis .   i - +0 whip
rCold    . . .     Gourm    .   (shield restricted)
rNeg     . . .     Faith    .   b - +0 robe
rPois    .         Spirit   .   (no helmet)
rElec    .         Reflect  .   (no cloak)
rCorr    .         Harm     .   (no gloves)
MR       +....                  (no boots)
Stlth    ..........             (no amulet)
HPRegen  0.08/turn              h - ring "Xosena Rire" {MR+ Stlth--} (curse)
MPRegen  0.10/turn              (no ring)

@: slow
A: small, slowness 1, armour attunement
a: no special abilities


You were on level 2 of the Dungeon.
You were hungry.

You visited 1 branch of the dungeon, and saw 2 of its levels.

You collected 92 gold pieces.

Inventory:

Hand Weapons
 a - a +1 dagger
 c - a +0 spear
 i - a +0 whip (weapon)
Armour
 b - a +0 robe (worn)
Jewellery
 h - the cursed ring "Xosena Rire" (left hand) {MR+ Stlth--}
   (You found it on level 2 of the Dungeon)

   [ring of attention]

   It affects your resistance to hostile enchantments.
   It makes you much less stealthy.
   It has a curse placed upon it.
Potions
 d - 2 potions of heal wounds
Comestibles
 e - 4 rations {!d}


   Skills:
 + Level 1.3 Armour
 - Level 1.5 Dodging
 - Level 1.5 Stealth
 - Level 2.1 Spellcasting
 + Level 4.9 Necromancy


You had one spell level left.
You knew the following spells:

 Your Spells              Type           Power        Failure   Level  Hunger
a - Animate Skeleton      Necr           N/A          3%          1    None
b - Pain                  Necr           ##....       3%          1    None
c - Vampiric Draining     Necr           ##........   10%         3    ####...

Your spell library contained the following spells:

 Spells                   Type           Power        Failure   Level  Hunger
 Regeneration             Chrm/Necr      #.........   26%         3    ####...
 Animate Dead             Necr           N/A          32%         4    ######.
 Bolt of Draining         Conj/Necr      #.........   94%         5    #######


Dungeon Overview and Level Annotations

Branches:
Dungeon (2/12)

Altars:

Annotations:
D:2 Terence


Innate Abilities, Weirdness & Mutations

You are small and have problems with some larger weapons.
You cover ground slowly.
Armour does not affect your spellcasting.


Message History

Aiming: Vampiric Draining (safe; 10% risk of failure)
Press: ? - help, Shift-Dir - straight line, f/p - Terence
Aim: Terence, wielding a +1 falchion of holy wrath and wearing a +0 chain mail (moderately wounded) Terence is heavily wounded.
You feel life coursing into your body. Terence barely misses you.
You hit Terence but do no damage.
Terence is heavily wounded.
Terence hits you with a +1 falchion of holy wrath.
You completely miss Terence.
Terence is heavily wounded.
Terence barely misses you.
You hit Terence but do no damage.
Terence is heavily wounded.
Terence hits you with a +1 falchion of holy wrath.
* * * LOW HITPOINT WARNING * * *
Terence hits you with a +1 falchion of holy wrath.
* * * LOW HITPOINT WARNING * * *
Terence shouts, "DIE!!!"
Terence hits you with a +1 falchion of holy wrath.
You die...

#.......#.#.....
######.......#.##.##.
#.................##.
#.######.###...###...
.#####.#........#.....+...
..<.......####.#.#.#####...
. #+######...####......
#... ..####. #.........##
#♣♣ ♣###+ >......
+.....@...+ ♣.... .......
##♣♣♣♣♣♣@..# ♣....
.......###.)...K..######♣
♣....
.....).....♣♣♣♣♣♣.......♣
♣....
..............#........#.#
.....
.........................#
.....
#...............###......#
.....
#........................#
##...
#........................#
#...


You could see Terence.

Vanquished Creatures
  An ooze (D:1)
  3 leopard geckos (D:1)
  3 bats
  A giant cockroach (D:2)
  3 goblins (D:1)
  4 hobgoblins
  4 jackals (D:1)
  2 kobolds
  A frilled lizard (D:1)
  A rat (D:1)
23 creatures vanquished.

Vanquished Creatures (collateral kills)
  A leopard gecko (D:1)
  2 giant cockroaches
  A hobgoblin (D:1)
  2 kobolds (D:1)
  A ball python (D:1)
  A rat (D:2)
8 creatures vanquished.

Grand Total: 31 creatures vanquished

Notes
Turn   | Place    | Note
-------+----------+-------------------------------------------
     0 | D:1      | DogServant the Sand Dwarf Necromancer began the quest for
                  | the Orb.
     0 | D:1      | Reached XP level 1. HP: 14/14 MP: 3/3
   437 | D:1      | Reached XP level 2. HP: 18/20 MP: 5/5
   448 | D:1      | HP: 1/20 [leopard gecko (3)]
  1094 | D:1      | Reached XP level 3. HP: 26/26 MP: 6/6
  1322 | D:1      | Learned a level 3 spell: Vampiric Draining
  1368 | D:1      | Reached skill level 1 in Armour
  1849 | D:2      | Got a shimmering lead ring
  1858 | D:2      | Identified the cursed ring "Xosena Rire" {MR+ Stlth--} (You
                  | found it on level 2 of the Dungeon)
  2040 | D:2      | Noticed Terence
  2069 | D:2      | Slain by Terence

Skill      XL: |  1  2  3 |
---------------+----------+-----
Armour         | 1 |  1.3
Dodging        | |  1.5
Stealth        | |  1.5
Spellcasting   | |  2.1
Necromancy     | |  4.9

Action                   || total
-------------------------++-------
Melee: Dagger            ||    23
       Spear             ||    63
       Whip              ||    24
 Cast: Animate Skeleton  ||    14
       Pain              ||     5
       Vampiric Draining ||     2
  Use: Potion            ||     2
       Scroll            ||     2
 Stab: Sleeping          ||     5
       Distracted        ||     2
  Eat: Chunk             ||     7
Armor: Robe              ||    18
Dodge: Dodged            ||    93
